 Dungeon Crawl Stone Soup version 0.20-a0-495-g2241292 (webtiles) character file.

31021 Duffy the Cleaver (level 13, -9/116 HPs)
             Began as a Minotaur Fighter on Jan 18, 2017.
             Was an Elder of Makhleb.
             Mangled by an entropy weaver (10 damage)
             ... on level 6 of the Lair of Beasts.
             The game lasted 00:21:50 (17190 turns).

Duffy the Cleaver (Minotaur Fighter)               Turns: 17190, Time: 00:21:51

Health: -9/116     AC:  2    Str: 28    XL:     13   Next: 23%
Magic:  15/15      EV: 10    Int:  5    God:    Makhleb [****..]
Gold:   598        SH: 22    Dex: 12    Spells: 12/12 levels left

rFire    . . .     SeeInvis +   a - +0 broad axe (venom)
rCold    . . .     Gourm    .   Q - +0 plate armour
rNeg     + + .     Faith    .   P - +2 large shield
rPois    .         Spirit   .   W - +0 mask of the Dragon {MR+ Slay+3 SInv}
rElec    +         Reflect  .   l - +0 cloak
rCorr    .         Harm     +   (no gloves)
MR       ++...                  C - +0 pair of boots (curse)
Stlth    ..........             p - amulet "Niyhaemo" {Harm *Drain rElec rN++ Str+4}
Regen    0.3/turn               I - +2 ring of evasion
                                k - ring of protection from magic

@: lethally poisoned (-9 -> -10), about to teleport, corroded
A: retaliatory headbutt, horns 2
a: Minor Destruction, Lesser Servant of Makhleb, Major Destruction, Renounce
Religion


You were on level 6 of the Lair of Beasts.
You worshipped Makhleb.
Makhleb was greatly pleased with you.
You were not hungry.

You visited 3 branches of the dungeon, and saw 17 of its levels.
You also visited: Labyrinth and Ossuary.

You collected 598 gold pieces.

Inventory:

Hand Weapons
 a - a +0 broad axe of venom (weapon)
 c - a +0 short sword of electrocution
Missiles
 H - 2 throwing nets (quivered)
Armour
 l - a +0 cloak (worn)
 C - a cursed +0 pair of boots (worn)
 P - a +2 large shield (worn)
 Q - a +0 plate armour (worn)
 W - the +0 mask of the Dragon (worn) {MR+ Slay+3 SInv}
   (You found it in a labyrinth)

   It affects your accuracy and damage with ranged weapons and melee attacks
   (+3).
   It affects your resistance to hostile enchantments.
   It lets you see invisible.
 X - a +0 shield of cold resistance
Jewellery
 k - a ring of protection from magic (left hand)
 p - the amulet "Niyhaemo" (around neck) {Harm *Drain rElec rN++ Str+4}
   (You found it on level 5 of the Dungeon)

   [amulet of harm]

   It increases damage dealt and taken.
   It affects your strength (+4).
   It insulates you from electricity.
   It greatly protects you from negative energy.
   It causes draining when unequipped.
 t - an uncursed ring of ice
 G - an uncursed ring of poison resistance
 I - a +2 ring of evasion (right hand)
 J - an uncursed ring of protection from fire
 K - an uncursed ring of ice
Wands
 q - a wand of confusion (22/48)
 s - a wand of iceblast (8/15)
 A - a wand of lightning (3/15)
 D - a wand of confusion (20/48)
 L - a wand of paralysis (16/24)
 M - a wand of iceblast (6/15)
 T - a wand of iceblast (6/15)
 U - a wand of paralysis (16/24)
 V - a wand of disintegration (15/24)
Scrolls
 b - a scroll of recharging
 e - 2 scrolls of fog
 g - 4 scrolls of enchant weapon
 j - 3 scrolls of teleportation
 m - a scroll of magic mapping
 n - a scroll of blinking
 u - 3 scrolls of fear
 y - 3 scrolls of enchant armour
 B - 3 scrolls of remove curse
 R - 2 scrolls of summoning
 S - a scroll of holy word
 Z - 3 scrolls of identify
Potions
 d - a potion of might
 h - 6 potions of curing
 r - 3 potions of heal wounds
 v - 2 potions of invisibility
 w - 2 potions of cancellation
 x - 3 potions of agility
 E - a potion of cure mutation
 F - 2 potions of flight
Comestibles
 f - 6 bread rations
 i - 4 meat rations
 o - 4 chunks of flesh
 z - 4 beef jerkies
 N - 6 fruits
 O - 8 slices of pizza
 Y - a royal jelly


   Skills:
 + Level 11.2 Fighting
 + Level 14.6 Axes
 + Level 11.9 Armour
 - Level 6.8 Dodging
 + Level 12.1 Shields
 - Level 4.5 Invocations
 - Level 5.0 Evocations


You had 12 spell levels left.
You didn't know any spells.

Dungeon Overview and Level Annotations

Branches:
Dungeon (10/15)            Temple (1/1) D:5            Lair (6/6) D:9
 Shoals (0/4) Lair:3        Snake (0/4) Lair:2        Slime (0/5) Lair:6
    Orc: D:9-12

Altars:
Ashenzari
Cheibriados
Dithmenos
Elyvilon
Fedhas
Gozag
Hepliaklqana
Kikubaaqudgha
Makhleb
Nemelex Xobeh
Okawaru
Qazlal
Ru
Sif Muna
Trog
Uskayaw
Vehumet
Xom
Yredelemnul
Zin
The Shining One

Shops:
D:8 !

Annotations:
Lair:2 exclusion: 2 oklob plants


Innate Abilities, Weirdness & Mutations

You reflexively headbutt those who attack you in melee.
You have a pair of horns on your head.


Message History

You closely miss the entropy weaver.
The entropy weaver is heavily wounded.
You slash the entropy weaver!
The entropy weaver looks as sick as possible!
The entropy weaver hits you!
The entropy weaver hits you but does no damage.
The entropy weaver hits you! x2
The entropy weaver gestures wildly while chanting.
The entropic weave corrodes you!
Your orange demon stings the entropy weaver from afar.
The entropy weaver looks as sick as possible!
Your orange demon poisons the entropy weaver!
A queen ant comes into view.
You are too injured to fight recklessly!
As you read the scroll of teleportation, it crumbles to dust.
You feel strangely unstable.
You feel sick.
The queen ant twitches its antennae in your direction.
You block the entropy weaver's attack. The entropy weaver barely misses you.
The entropy weaver hits you! x3
You die...

#.................
#.................
#......#.....[P...
#....P.#....#.....
#....###...#.#....
##...# .....##....
#....##....##.#...
##...%..#....##....
#4@a#..#.... ##...
###a#..# ... #...
#a##..# .. #...
a.a....YYa#.# .
##... .....#5aFa##.
#.... #.$#
a.YS...## ##... aa
#!a...... #....
...a.#.### #....
.#Y.#a... #....


You could see 2 entropy weavers, a spiny frog, 2 soldier ants, a water moccasin,
3 dream sheep, 2 worker ants and a friendly orange demon.

Vanquished Creatures
  A minotaur (Lab)
  4 hydras
  A lindwurm (Lair:3)
  Pikel (D:6)
  5 black mambas
  A merfolk siren (Lair:3)
  11 spiny frogs
  8 komodo dragons
  3 rime drakes
  2 hellwings (D:9)
  2 polar bears
  2 trolls (D:9)
  A minotaur skeleton (Lab)
  Prince Ribbit (D:7)
  Grinder (D:5)
  5 hippogriffs
  4 slime creatures (Lair:6)
  A meliai zombie (D:9)
  Eustachio (D:4)
  24 yaks
  2 shadows (Lab)
  A wyvern (Lair:3)
  2 basilisks
  5 hungry ghosts (Lab)
  Edmund (D:5)
  6 soldier ants (Lair:6)
  A naga (Lair:2)
  11 water moccasins
  9 porcupines
  Duvessa (D:4)
  2 orc warriors
  A sky beast (D:8)
  4 slaves (D:6)
  4 phantoms
  2 hornet zombies (D:9)
  3 ogres
  A necrophage (D:8)
  3 centaurs
  5 wolves (Lair:6)
  10 crocodiles
  Blork the orc (D:5)
  11 bullfrogs
  A wyvern zombie (D:9)
  Dowan (D:4)
  2 scorpions
  4 killer bees (D:8)
  8 wights
  2 howler monkeys
  4 crimson imps
  3 centaur zombies
  5 hounds
  A bullfrog zombie (D:5)
  3 centaur skeletons
  A bullfrog skeleton (D:8)
  2 orc priests
  5 orc wizards
  3 iguanas
  3 worker ants
  Natasha (thrice) (D:3)
  A killer bee zombie (D:9)
  A mummy (Ossuary)
  10 adders
  6 shadow imps
  An ooze (D:3)
  An adder zombie (D:5)
  An adder skeleton (D:5)
  2 worms
  3 dart slugs
  5 leopard geckos
  27 orcs
  5 bats
  2 giant cockroaches (D:3)
  3 gnoll zombies (Ossuary)
  5 hobgoblins
  10 jackals
  A quokka (D:8)
  A ball python (D:2)
  2 frilled lizards
  A gnoll skeleton (Ossuary)
  4 goblins
  A goblin zombie (Ossuary)
  A hobgoblin skeleton (Ossuary)
  2 hobgoblin zombies (Ossuary)
  6 kobolds
  A kobold skeleton (Ossuary)
  3 kobold zombies (Ossuary)
  2 orc skeletons (Ossuary)
  3 orc zombies (Ossuary)
  10 rats
  2 rat skeletons (Ossuary)
  2 rat zombies (Ossuary)
  3 fungi (D:9)
  2 plants
346 creatures vanquished.

Vanquished Creatures (collateral kills)
  Snorg (Lair:6)
  2 hydras
3 creatures vanquished.

Vanquished Creatures (others)
  Menkaure (Ossuary)
  2 mummies (Ossuary)
  3 gnoll skeletons (Ossuary)
  3 goblin skeletons (Ossuary)
  3 goblin zombies (Ossuary)
  2 hobgoblin skeletons (Ossuary)
  A hobgoblin zombie (Ossuary)
  2 kobold skeletons (Ossuary)
  2 kobold zombies (Ossuary)
  3 orc skeletons (Ossuary)
  4 orc zombies (Ossuary)
  5 rat skeletons (Ossuary)
  A rat zombie (Ossuary)
  5 fungi
  5 plants
42 creatures vanquished.

Grand Total: 391 creatures vanquished

Notes
Turn   | Place    | Note
-------+----------+-------------------------------------------
     0 | D:1      | Duffy the Minotaur Fighter began the quest for the Orb.
     0 | D:1      | Reached XP level 1. HP: 19/19 MP: 0/0
   212 | D:3      | Reached skill level 3 in Axes
   212 | D:3      | Reached XP level 2. HP: 22/26 MP: 1/1
   291 | D:4      | Found a sand-covered staircase.
   298 | D:4      | Reached XP level 3. HP: 15/31 MP: 2/2
   439 | Ossuary  | Entered an ossuary
   571 | Ossuary  | Killed Menkaure
  1136 | Ossuary  | Reached skill level 4 in Axes
  1409 | D:4      | Noticed Duvessa
  1410 | D:4      | Noticed Dowan
  1411 | D:4      | Noticed Natasha
  1426 | D:3      | Killed Natasha
  1426 | D:3      | Reached skill level 5 in Shields
  1426 | D:3      | Reached XP level 4. HP: 26/39 MP: 3/3
  1526 | D:4      | Killed Duvessa
  1526 | D:4      | Reached skill level 5 in Axes
  1526 | D:4      | Reached XP level 5. HP: 17/45 MP: 4/4
  1786 | D:4      | Killed Dowan
  2138 | D:4      | Reached XP level 6. HP: 23/51 MP: 5/5
  2142 | D:4      | Reached skill level 6 in Axes
  2688 | D:4      | Noticed Eustachio
  2700 | D:4      | Killed Eustachio
  2700 | D:4      | Reached skill level 7 in Axes
  2700 | D:4      | Reached XP level 7. HP: 57/57 MP: 6/6
  2753 | D:5      | Entered Level 5 of the Dungeon
  2768 | D:5      | Noticed Grinder
  2787 | D:5      | Killed Grinder
  2787 | D:5      | Reached skill level 8 in Axes
  3013 | D:5      | Noticed Edmund
  3025 | D:5      | Reached XP level 8. HP: 64/64 MP: 7/7
  3047 | D:5      | Killed Edmund
  3047 | D:5      | Reached skill level 1 in Dodging
  3330 | D:5      | Found a staircase to the Ecumenical Temple.
  3339 | Temple   | Entered the Ecumenical Temple
  3542 | Temple   | Became a worshipper of Makhleb the Destroyer
  4514 | D:2      | Found a basalt altar of Yredelemnul.
  4659 | D:3      | Reached * piety under Makhleb
  4685 | D:3      | Noticed Natasha
  4689 | D:3      | Killed Natasha
  4798 | D:3      | Noticed Natasha
  4803 | D:3      | Killed Natasha
  5132 | D:4      | Reached skill level 5 in Armour
  5276 | D:5      | Got a transparent tin amulet
  5307 | D:5      | Identified the amulet "Niyhaemo" {Harm *Drain rElec rN++ Str+4} (You found it on level 5 of the Dungeon)
  5465 | D:5      | Noticed Blork the orc
  5473 | D:5      | Killed Blork the orc
  5473 | D:5      | Reached skill level 9 in Axes
  5865 | D:6      | Noticed Pikel
  5880 | D:6      | Killed Pikel
  5880 | D:6      | Reached XP level 9. HP: 53/72 MP: 8/8
  6129 | D:6      | Found an ancient bone altar of Kikubaaqudgha.
  6508 | D:7      | Reached skill level 5 in Fighting
  6991 | D:7      | Reached skill level 5 in Dodging
  6993 | D:7      | Reached ** piety under Makhleb
  7041 | D:7      | Noticed Prince Ribbit
  7052 | D:7      | Killed Prince Ribbit
  7052 | D:7      | Reached skill level 10 in Axes
  7604 | D:8      | Reached XP level 10. HP: 78/84 MP: 9/9
  7775 | D:8      | Found a blossoming altar of Fedhas.
  7782 | D:8      | Found a stormy altar of Qazlal.
  7823 | D:8      | Found Omakojej's Distillery.
  8215 | D:8      | Reached *** piety under Makhleb
  8426 | D:9      | Found a staircase to the Lair.
  8447 | D:9      | Reached skill level 11 in Axes
  8447 | D:9      | Reached skill level 1 in Invocations
  8730 | D:9      | Reached skill level 12 in Axes
  9293 | D:9      | Found a deep blue altar of Sif Muna.
  9296 | D:9      | Found a sacrificial altar of Ru.
  9299 | D:9      | Found a shadowy altar of Dithmenos.
  9574 | D:9      | Found a shattered altar of Ashenzari.
  9667 | D:10     | Entered Level 10 of the Dungeon
  9790 | Lair:1   | Entered Level 1 of the Lair of Beasts
  9803 | Lair:1   | Found a labyrinth entrance.
  9808 | Lab      | Entered a labyrinth
  9981 | Lab      | Reached XP level 11. HP: 90/93 MP: 13/13
 10191 | Lab      | Noticed a minotaur
 10210 | Lab      | Killed a minotaur
 10335 | Lair:1   | Noticed a seven-headed hydra
 10362 | Lair:1   | Noticed an eight-headed hydra
 10753 | D:9      | Killed an eight-headed hydra
 10930 | D:9      | Killed a 12-headed hydra
 11344 | Lair:1   | Reached skill level 10 in Shields
 11346 | Lair:1   | Reached skill level 13 in Axes
 12133 | Lair:2   | Reached skill level 10 in Armour
 12346 | Lair:2   | Found a staircase to the Snake Pit.
 12833 | Lair:2   | Noticed an oklob plant
 13098 | Lair:2   | Noticed an oklob plant
 13329 | Lair:3   | Noticed a lindwurm
 13339 | Lair:3   | Killed a lindwurm
 13339 | Lair:3   | Reached XP level 12. HP: 27/105 MP: 14/14
 13726 | Lair:3   | Reached skill level 1 in Evocations
 14310 | Lair:3   | Noticed an eight-headed hydra
 14326 | Lair:3   | Killed an eight-headed hydra
 14613 | Lair:3   | Found a staircase to the Shoals.
 14826 | Lair:4   | Reached skill level 5 in Evocations
 15116 | Lair:4   | Reached skill level 10 in Fighting
 15229 | Lair:4   | Noticed a four-headed hydra
 15243 | Lair:4   | Killed a six-headed hydra
 15455 | Lair:4   | Noticed a seven-headed hydra
 15745 | Lair:4   | Killed a ten-headed hydra
 16041 | Lair:5   | Found a deep blue altar of Sif Muna.
 16090 | Lair:5   | Reached skill level 14 in Axes
 16664 | Lair:6   | Entered Level 6 of the Lair of Beasts
 16776 | Lair:6   | Reached **** piety under Makhleb
 16786 | Lair:6   | Reached XP level 13. HP: 115/115 MP: 15/15
 17024 | Lair:6   | Found a staircase to the Slime Pits.
 17063 | Lair:6   | Noticed Snorg
 17071 | Lair:6   | Killed Snorg
 17177 | Lair:6   | Noticed an entropy weaver
 17178 | Lair:6   | Noticed an entropy weaver
 17190 | Lair:6   | HP: 1/116 [entropy weaver (10)]
 17190 | Lair:6   | Mangled by an entropy weaver

Vault maps used:
D:1:      lemuel_arrival_river_ford
D:2:      first_bread, yredelemnul_altar_generic
D:4:      nicolae_ossuary_entry_false_entrances, roderic_roman_lattice,
          uniq_eustachio, uniq_natasha, uniq_duvessa
D:5:      uniq_blork_the_orc, uniq_edmund, uniq_grinder
D:6:      kiku_gazebo_pond_becter, uniq_pikel
D:7:      uniq_prince_ribbit1
D:8:      grunt_temple_overflow_forces_of_nature, grunt_pizzeria,
          kennysheep_windowed_goal
D:9:      cheibrodos_grave_circle, kennysheep_little_box,
          grunt_temple_overflow_diamond, dpeg_oklobed_lair, st_stairs_4
D:10:     erik_rubicon_a, david_orc_4, basic_altar, kennysheep_generic_room_15
Temple:   nicolae_temple_figure_eight
Lair:1:   lab_entry_generic, minmay_hedge_maze, nicolae_quartered_pool_medium
Lair:2:   guppyfry_snake_entry_garden, minmay_lair_oklob_chamber,
          serial_bayou_shore_b
Lair:3:   minmay_shoals_entry_lonely_mermaid
Lair:4:   lemuel_fruit_tree
Lair:5:   basic_altar
Lair:6:   grunt_lair_end_beastmaster, minmay_slime_entry_pillars, zaba_anthell,
          uniq_snorg
Lab:      labyrinth_mini_lab, nicolae_lab_blocks, labyrinth_skeletal_remains,
          nicolae_lab_diamond, nicolae_lab_arrow, nicolae_lab_grate_2,
          nicolae_lab_very_dead_end
Ossuary:  ossuary_due_pyramid

Skill      XL: |  1  2  3  4  5  6  7  8  9 10 11 12 13 |
---------------+----------------------------------------+-----
Axes           | 3 4 5 7 8 9 10 12 13 14 | 14.6
Shields        | 4 5 6 7 8 9 10 11 12 | 12.1
Armour         | 6 7 8 10 11 | 11.9
Dodging        | 4 6 |  6.8
Fighting       | 4 6 7 9 10 11 | 11.2
Invocations    | 4 |  4.5
Evocations     | 5 |  5.0

Action                   |  1- 3 |  4- 6 |  7- 9 | 10-12 | 13-15 || total
-------------------------+-------+-------+-------+-------+-------++-------
Melee: War axe           |    65 |    85 |   356 |   255 |       ||   761
       Headbutt          |    12 |    15 |    62 |   146 |    23 ||   258
       Broad axe         |       |       |       |   307 |    60 ||   367
       Short sword       |       |       |       |     7 |     4 ||    11
Invok: Lesser Servant of |       |       |       |    15 |     3 ||    18
Evoke: Wand              |       |       |       |    15 |       ||    15
  Use: Potion            |       |     3 |       |     1 |       ||     4
       Scroll            |       |       |    18 |    12 |     1 ||    31
 Stab: Confused          |       |       |       |     1 |       ||     1
       Distracted        |       |       |       |       |     2 ||     2
  Eat: Bread ration      |       |     1 |       |     5 |       ||     6
       Chunk             |       |     1 |    10 |    11 |     1 ||    23
       Royal jelly       |       |       |     3 |       |       ||     3
       Fruit             |       |       |       |     2 |       ||     2
       Meat ration       |       |       |       |     1 |       ||     1
Armor: Scale mail        |    16 |    34 |    27 |       |       ||    77
       Swamp dragon scal |       |       |    82 |    44 |       ||   126
       Plate armour      |       |       |       |   189 |    20 ||   209
Dodge: Dodged            |     8 |    16 |   113 |   298 |    20 ||   455
Block: Shield            |    22 |    43 |   190 |   315 |       ||   570
       Large shield      |       |       |       |   133 |    66 ||   199
